Saguenéens vs Staline (R1)

Created - 4 février 2015 at 23:21

Goals
1 2 3 T
Saguenéens 2 1 0 3
Staline 1 0 3 4
Shots
1 2 3 T
Saguenéens 8 11 6 25
Staline 5 9 15 29

1st period

1. Staline , Mason Raymond 26 (Cam Janssen) at 12:56
2. Saguenéens , Kyle Brodziak 25 (Lubos Bartecko, Kevin Marshall) at 14:15 (PP)
3. Saguenéens , David Moss 20 (Luke Witkowski, Joffrey Lupul) at 16:49

Penalties :
Theo Peckham (StJ) for Tripping (Minor) at 2:23, Jared Boll (StJ) for Boarding (Minor) at 14:01

2nd period

4. Saguenéens , Brian Flynn 17 (Evgeny Dadonov) at 14:13

Penalties :
Devin Setoguchi (StJ) for Interference (Minor) at 7:31, Andrei Loktionov (StJ) for Slashing (Minor) at 14:58

3rd period

5. Staline , Devin Setoguchi 37 (Andrei Loktionov) at 8:58
6. Staline , Mathieu Perreault 6 (Unassisted) at 17:41
7. Staline , Devin Setoguchi 38 (Nick Spaling) at 19:32 (SH)

Penalties :
T.J. Fast (StJ) for Tripping (Minor) at 0:07, Evgeny Dadonov (Chi) for Cross-checking (Minor) at 13:08, Pierre-Luc Létourneau (StJ) for Roughing (Double Minor) at 19:22

Goalie Stats

James Reimer (Chi), 25 saves from 29 shots - (0,862), L, 13-18-4, 60:00 minutes
Tobias Stephan (StJ), 22 saves from 25 shots - (0,880), W, 32-11-3, 60:00 minutes

Players Stats for Saguenéens

Player Name              G  A  P  +/- PIM S  H  SB GA TA FO     MP     PP MP  PK MP  
------------------------------------------------------------------------------------
Brandon Burlon           0  0  0  -2  0   0  0  2  0  0  0/0    17:19   0:00   0:57 
Brian Flynn              1  0  1   0  0   2  1  0  0  0  1/4    11:10   0:00   0:00 
Bryan Bickell            0  0  0   0  0   0  1  0  0  1  0/0    15:01   3:49   0:48 
David Laliberté          0  0  0  -1  0   0  1  0  0  0  0/0     9:37   0:00   0:00 
David Moss               1  0  1   1  0   2  4  1  1  0  1/1    17:41   3:49   0:53 
David Rundblad           0  0  0   1  0   1  2  2  0  0  0/0    17:09   3:34   0:00 
Derek Morris             0  0  0  -1  0   3  2  4  0  0  0/0    25:14   5:13   1:02 
Eric Tangradi            0  0  0  -1  0   0  1  1  1  0  0/0    10:07   0:00   0:18 
Evgeny Dadonov           0  1  1  -2  2   4  3  0  0  1  1/2    20:25   4:58   0:00 
Jim O'Brien              0  0  0  -1  0   0  0  0  0  0  1/1    10:30   0:00   0:53 
Joffrey Lupul            0  1  1   1  0   3  1  1  0  0  0/0    14:45   0:00   0:48 
Kevin Marshall           0  1  1  -1  0   1  1  0  0  1  0/0    25:32   5:13   1:02 
Kris Russell             0  0  0  -2  0   0  4  1  0  0  0/0    21:35   3:34   0:57 
Kyle Brodziak            1  0  1  -2  0   1  5  1  0  0  19/32  20:14   4:58   0:00 
Lubos Bartecko           0  1  1  -2  0   6  0  0  3  1  1/2    20:14   4:58   0:00 
Luke Witkowski           0  1  1   1  0   0  1  1  0  1  0/0    13:11   0:00   0:00 
Marcus Johansson         0  0  0   1  0   1  1  0  0  0  3/6    17:06   3:49   0:18 
Rhett Rakhshani          0  0  0   0  0   1  1  0  0  0  0/0    11:10   0:00   0:00 

Players Stats for Staline

Player Name              G  A  P  +/- PIM S  H  SB GA TA FO     MP     PP MP  PK MP  
------------------------------------------------------------------------------------
Andrei Loktionov         0  1  1   0  2   2  3  0  0  0  12/22  15:44   0:59   0:00 
Cam Janssen              0  1  1   2  0   2  4  0  0  0  0/0    15:11   0:53   2:01 
Cody Franson             0  0  0   0  0   3  0  1  1  1  0/0    26:20   1:08   5:31 
Devin Setoguchi          2  0  2   1  2   2  2  0  0  0  0/0    19:35   0:59   3:50 
Greg Pateryn             0  0  0   1  0   0  5  2  0  0  0/0    14:57   0:00   1:59 
J.T. Wyman               0  0  0   0  0   1  0  0  0  0  0/0     9:32   0:07   0:00 
James Sheppard           0  0  0   0  0   0  1  0  0  0  0/0    10:28   0:00   0:50 
Jared Boll               0  0  0  -1  2   1  3  0  1  0  2/2    12:21   0:10   0:00 
Mason Raymond            1  0  1   2  0   3  6  0  1  0  0/0    17:02   0:53   3:31 
Mathieu Perreault        1  0  1   2  0   1  1  0  0  0  2/4    13:10   0:53   0:00 
Nick Spaling             0  1  1   0  0   3  3  0  0  1  2/3    14:37   0:00   2:34 
Peter Holland            0  0  0   0  0   0  1  0  0  0  0/2    10:05   0:00   0:48 
Pierre-Luc Létourneau    0  0  0   0  4   2  3  2  1  0  3/9    20:24   1:03   3:54 
Stu Bickel               0  0  0   1  0   1  0  0  0  0  0/0    20:17   0:51   3:21 
T.J. Fast                0  0  0   1  2   4  4  0  1  1  0/0    25:10   1:08   4:08 
Theo Peckham             0  0  0   1  2   1  1  0  0  1  0/0    19:55   0:51   2:28 
Torey Krug               0  0  0  -1  0   1  2  1  0  1  0/0    14:08   0:00   0:07 
Zac Rinaldo              0  0  0  -1  0   2  2  0  0  0  0/6    12:10   0:00   0:06 

3 Stars

1 - Mason Raymond (StJ)
2 - Devin Setoguchi (StJ)
3 - David Moss (Chi)

Power Play

Saguenéens - 1 on 8 Attempt(s) - 12,50%
Staline - 0 on 1 Attempt(s) - 0,00%

Penalty Kill

Saguenéens - 1 on 1 Attempt(s) - 100,00% - Score 0 goal in Penalty Kill
Staline - 7 on 8 Attempt(s) - 87,50% - Score 1 goal in Penalty Kill

Team Stat

Saguenéens - Hits : 29 - Faceoff Wins : 27 - Blocked Shots : 14 - Penalty Minutes : 2
Staline - Hits : 41 - Faceoff Wins : 21 - Blocked Shots : 6 - Penalty Minutes : 14

Official

Referees : Kozari Steve and Ciamaga Chris
Linesman : Lyle Seitz and Jean Morin

Game Notes

17:41 of 3rd period - Penalty Shot by Mathieu Perreault for Staline - Goal!

Finance

Level 1 -- Attendance: 1540 (77,00%) -- Ticket Income 53 900 $
Level 2 -- Attendance: 745 (74,50%) -- Ticket Income 11 175 $
Total Attendance: 2285 (76,17%)
Total Ticket Income: 65 075 $
Other Income: 3 254 $
Total Income: 68 329 $

Saguenéens

5 vs 5 Forward 
   Center                   Left Wing                Right Wing               Time % Phy DF OF 
 1 Kyle Brodziak            Evgeny Dadonov           Lubos Bartecko           40     1   2  2  
 2 Marcus Johansson         Joffrey Lupul            David Moss               30     1   2  2  
 3 Brian Flynn              Bryan Bickell            Rhett Rakhshani          20     1   2  2  
 4 Jim O'Brien              Eric Tangradi            David Laliberté          10     1   2  2  

5 vs 5 Defense 
   Defense                  Defense                                           Time % Phy DF OF 
 1 Derek Morris             Kevin Marshall                                    40     1   2  2  
 2 Kris Russell             Brandon Burlon                                    34     1   2  2  
 3 Luke Witkowski           David Rundblad                                    20     1   2  2  
 4 Derek Morris             Kevin Marshall                                    6      1   2  2  

PowerPlay Forward 
   Center                   Left Wing                Right Wing               Time % Phy DF OF 
 1 Kyle Brodziak            Evgeny Dadonov           Lubos Bartecko           60     1   2  2  
 2 Marcus Johansson         Bryan Bickell            David Moss               40     1   2  2  

PowerPlay Defense
   Defense                  Defense                                           Time % Phy DF OF 
 1 Derek Morris             Kevin Marshall                                    60     1   2  2  
 2 Kris Russell             David Rundblad                                    40     1   2  2  

Penalty Kill 4 Players Forward 
   Center                   Wing                     Time % Phy DF OF 
 1 Jim O'Brien              David Moss               60     1   2  2  
 2 Kyle Brodziak            Bryan Bickell            40     1   2  2  

Penalty Kill 4 Players Defense
   Defense                  Defense                  Time % Phy DF OF 
 1 Derek Morris             Kevin Marshall           60     1   2  2  
 2 Kris Russell             Brandon Burlon           40     1   2  2  

Penalty Kill - 3 Players Forward 
   Forward                                           Time % Phy DF OF 
 1 David Moss                                        60     1   2  2  
 2 Joffrey Lupul                                     40     1   2  2  

Penalty Kill - 3 Players Defense
   Defense                  Defense                  Time % Phy DF OF 
 1 Derek Morris             Kevin Marshall           60     1   2  2  
 2 Brandon Burlon           Kris Russell             40     1   2  2  

4 vs 4 Forward 
   Center                   Wing                     Time % Phy DF OF 
 1 Marcus Johansson         Lubos Bartecko           60     1   2  2  
 2 Kyle Brodziak            Evgeny Dadonov           40     1   2  2  

4 vs 4 Defense
   Defense                  Defense                  Time % Phy DF OF 
 1 Derek Morris             Kevin Marshall           60     1   2  2  
 2 Kris Russell             Brandon Burlon           40     1   2  2  

Last Minutes Offensive
   Center                   Left Wing                Right Wing               Defense                  Defense                  
   Kyle Brodziak            Evgeny Dadonov           Lubos Bartecko           Derek Morris             Kris Russell             

Last Minutes Defensive
   Center                   Left Wing                Right Wing               Defense                  Defense                  
   Kyle Brodziak            Evgeny Dadonov           David Moss               Derek Morris             Kris Russell             

Goaltenders
Starting : James Reimer             
Backup : Harru Sateri             

Extra Forwards
Normal : Brian Flynn, Eric Tangradi, David Moss - PP : Brian Flynn, Joffrey Lupul - PK : Joffrey Lupul
Extra Defensemen
Normal : David Rundblad, Brandon Burlon, Derek Morris - PP : David Rundblad - PK : Brandon Burlon, Luke Witkowski
Penalty Shots
David Moss, Joffrey Lupul, Kyle Brodziak, Brian Flynn, Bryan Bickell

Staline

5 vs 5 Forward 
   Center                   Left Wing                Right Wing               Time % Phy DF OF 
 1 Andrei Loktionov         Pierre-Luc Létourneau    Devin Setoguchi          40     1   2  2  
 2 Mathieu Perreault        Mason Raymond            Cam Janssen              30     1   2  2  
 3 Zac Rinaldo              Nick Spaling             Jared Boll               20     1   2  2  
 4 Peter Holland            James Sheppard           J.T. Wyman               10     1   2  2  

5 vs 5 Defense 
   Defense                  Defense                                           Time % Phy DF OF 
 1 T.J. Fast                Cody Franson                                      40     1   2  2  
 2 Stu Bickel               Theo Peckham                                      30     1   2  2  
 3 Torey Krug               Greg Pateryn                                      20     1   2  2  
 4 T.J. Fast                Cody Franson                                      10     1   2  2  

PowerPlay Forward 
   Center                   Left Wing                Right Wing               Time % Phy DF OF 
 1 Andrei Loktionov         Pierre-Luc Létourneau    Devin Setoguchi          60     1   2  2  
 2 Mathieu Perreault        Mason Raymond            Cam Janssen              40     1   2  2  

PowerPlay Defense
   Defense                  Defense                                           Time % Phy DF OF 
 1 T.J. Fast                Cody Franson                                      60     1   2  2  
 2 Stu Bickel               Theo Peckham                                      40     1   2  2  

Penalty Kill 4 Players Forward 
   Center                   Wing                     Time % Phy DF OF 
 1 Pierre-Luc Létourneau    Devin Setoguchi          60     1   2  2  
 2 Cam Janssen              Mason Raymond            40     1   2  2  

Penalty Kill 4 Players Defense
   Defense                  Defense                  Time % Phy DF OF 
 1 T.J. Fast                Cody Franson             60     1   2  2  
 2 Stu Bickel               Theo Peckham             40     1   2  2  

Penalty Kill - 3 Players Forward 
   Forward                                           Time % Phy DF OF 
 1 Pierre-Luc Létourneau                             60     1   2  2  
 2 Devin Setoguchi                                   40     1   2  2  

Penalty Kill - 3 Players Defense
   Defense                  Defense                  Time % Phy DF OF 
 1 T.J. Fast                Cody Franson             60     1   2  2  
 2 Stu Bickel               Theo Peckham             40     1   2  2  

4 vs 4 Forward 
   Center                   Wing                     Time % Phy DF OF 
 1 Pierre-Luc Létourneau    Devin Setoguchi          60     1   2  2  
 2 Cam Janssen              Mason Raymond            40     1   2  2  

4 vs 4 Defense
   Defense                  Defense                  Time % Phy DF OF 
 1 T.J. Fast                Cody Franson             60     1   2  2  
 2 Stu Bickel               Theo Peckham             40     1   2  2  

Last Minutes Offensive
   Center                   Left Wing                Right Wing               Defense                  Defense                  
   Andrei Loktionov         Pierre-Luc Létourneau    Devin Setoguchi          T.J. Fast                Cody Franson             

Last Minutes Defensive
   Center                   Left Wing                Right Wing               Defense                  Defense                  
   Andrei Loktionov         Pierre-Luc Létourneau    Devin Setoguchi          T.J. Fast                Cody Franson             

Goaltenders
Starting : Tobias Stephan           
Backup : Martin Houle             

Extra Forwards
Normal : Jared Boll, J.T. Wyman, Nick Spaling - PP : Jared Boll, J.T. Wyman - PK : Nick Spaling
Extra Defensemen
Normal : Torey Krug, Greg Pateryn, Stu Bickel - PP : Torey Krug - PK : Greg Pateryn, Stu Bickel
Penalty Shots
Pierre-Luc Létourneau, Devin Setoguchi, Cam Janssen, Mason Raymond, Andrei Loktionov

% Time on Ice - Saguenéens

Lines # - Real PCT - Wanted PCT - Time Play
Normal Forward
1 - 31% - 40% - 15:28
2 - 26% - 30% - 12:59
3 - 23% - 20% - 11:10
4 - 20% - 10% - 9:37
Normal Defense
1 - 38% - 40% - 18:31
2 - 36% - 34% - 17:38
3 - 27% - 20% - 13:05
4 - 0% - 6% - 0:00
PP Forward
1 - 57% - 60% - 4:58
2 - 43% - 40% - 3:49
PP Defense
1 - 59% - 60% - 5:13
2 - 41% - 40% - 3:34
PK Forward
1 - 100% - 60% - 1:59
2 - 0% - 40% - 0:00
PK Defense
1 - 52% - 60% - 1:02
2 - 48% - 40% - 0:57
PK3 Forward
1 - 0% - 60%
2 - 0% - 40%
PK3 Defense
1 - 0% - 60%
2 - 0% - 40%
44 Forward
1 - 0% - 60%
2 - 0% - 40%
44 Defense
1 - 0% - 60%
2 - 0% - 40%
Last Minute Offensive  - 0:00
Last Minute Defensive  - 0:00
Total
Forward - 60:00
Defense - 60:00

% Time on Ice - Staline

Lines # - Real PCT - Wanted PCT - Time Play
Normal Forward
1 - 32% - 40% - 15:37
2 - 25% - 30% - 12:17
3 - 24% - 20% - 12:03
4 - 19% - 10% - 9:17
Normal Defense
1 - 37% - 40% - 18:23
2 - 32% - 30% - 15:59
3 - 28% - 20% - 13:40
4 - 2% - 10% - 1:12
PP Forward
1 - 55% - 60% - 1:06
2 - 45% - 40% - 0:53
PP Defense
1 - 57% - 60% - 1:08
2 - 43% - 40% - 0:51
PK Forward
1 - 77% - 60% - 6:46
2 - 23% - 40% - 2:01
PK Defense
1 - 61% - 60% - 5:19
2 - 39% - 40% - 3:28
PK3 Forward
1 - 0% - 60%
2 - 0% - 40%
PK3 Defense
1 - 0% - 60%
2 - 0% - 40%
44 Forward
1 - 0% - 60%
2 - 0% - 40%
44 Defense
1 - 0% - 60%
2 - 0% - 40%
Last Minute Offensive  - 0:00
Last Minute Defensive  - 0:00
Total
Forward - 60:00
Defense - 60:00

Play by Play

1st period


0:01 of 1st period - Kyle Brodziak wins face-off versus Andrei Loktionov in neutral zone.
0:04 of 1st period - Slapshot by Lubos Bartecko.
0:04 of 1st period - Shot Misses the Net.
1:12 of 1st period - Stu Bickel is hit by David Laliberté and loses puck.
1:39 of 1st period - Wrist shot by Devin Setoguchi.
1:39 of 1st period - Shot Misses the Net.
1:41 of 1st period - Snap shot by Andrei Loktionov.
1:41 of 1st period - Stopped by James Reimer with a rebound.
2:01 of 1st period - Snap shot by Lubos Bartecko.
2:01 of 1st period - Stopped by Tobias Stephan without a rebound.
2:02 of 1st period - Kyle Brodziak wins face-off versus Mathieu Perreault in Staline zone.
2:09 of 1st period - Backhand shot by Lubos Bartecko.
2:09 of 1st period - Shot Misses the Net.
2:23 of 1st period - Minor Penalty to Theo Peckham for Tripping.
2:24 of 1st period - Kyle Brodziak wins face-off versus Pierre-Luc Létourneau in Staline zone.
2:49 of 1st period - Derek Morris is hit by T.J. Fast and loses puck.
3:26 of 1st period - Pierre-Luc Létourneau is hit by Kris Russell and loses puck.
4:23 of 1st period - Penalty to Theo Peckham is over, Theo Peckham is back on ice.
4:39 of 1st period - Slapshot by Derek Morris.
4:39 of 1st period - Shot Hit the Post.
4:51 of 1st period - Slapshot by Jared Boll.
4:51 of 1st period - Shot Blocked by David Rundblad.
4:53 of 1st period - Slapshot by T.J. Fast.
4:53 of 1st period - Stopped by James Reimer with a rebound.
6:16 of 1st period - Zac Rinaldo is hit by Kevin Marshall and loses puck.
6:29 of 1st period - Kyle Brodziak is hit by Mason Raymond and loses puck.
6:34 of 1st period - Wrist shot by Mason Raymond.
6:34 of 1st period - Shot Misses the Net.
6:40 of 1st period - Kyle Brodziak is hit by Cam Janssen.
6:52 of 1st period - Lubos Bartecko is hit by Andrei Loktionov and loses puck.
7:07 of 1st period - Wrist shot by Joffrey Lupul.
7:07 of 1st period - Shot Misses the Net.
7:25 of 1st period - Snap shot by Brian Flynn.
7:25 of 1st period - Shot Hit the Post.
7:54 of 1st period - Pierre-Luc Létourneau is hit by Marcus Johansson and loses puck.
8:36 of 1st period - Luke Witkowski is hit by Greg Pateryn and loses puck.
8:43 of 1st period - Mason Raymond is hit by Kris Russell and loses puck.
8:56 of 1st period - Kris Russell is hit by Pierre-Luc Létourneau and loses puck.
9:50 of 1st period - Devin Setoguchi is hit by David Moss and loses puck.
10:19 of 1st period - T.J. Fast is hit by Eric Tangradi and loses puck.
10:45 of 1st period - Nick Spaling is hit by Evgeny Dadonov and loses puck.
10:58 of 1st period - David Moss is hit by Andrei Loktionov and loses puck.
11:03 of 1st period - Snap shot by Andrei Loktionov.
11:03 of 1st period - Shot Blocked by Brandon Burlon.
11:13 of 1st period - Rhett Rakhshani is hit by Cam Janssen and loses puck.
11:20 of 1st period - Cody Franson is hit by Brian Flynn and loses puck.
12:44 of 1st period - Brandon Burlon is hit by Mason Raymond and loses puck.
12:56 of 1st period - Wrist shot by Mason Raymond.
12:56 of 1st period - Goal by Mason Raymond - Saguenéens : 0 - Staline : 1.
12:57 of 1st period - Andrei Loktionov wins face-off versus Kyle Brodziak in neutral zone.
13:00 of 1st period - Evgeny Dadonov is hit by Pierre-Luc Létourneau.
13:04 of 1st period - Wrist shot by Lubos Bartecko.
13:04 of 1st period - Shot Misses the Net.
13:29 of 1st period - Snap shot by Cam Janssen.
13:29 of 1st period - Stopped by James Reimer with a rebound.
13:49 of 1st period - Snap shot by Bryan Bickell.
13:49 of 1st period - Shot Misses the Net.
13:51 of 1st period - Wrist shot by Bryan Bickell.
13:51 of 1st period - Shot Misses the Net.
13:53 of 1st period - Snap shot by Bryan Bickell.
13:53 of 1st period - Shot Misses the Net.
14:01 of 1st period - Minor Penalty to Jared Boll for Boarding.
14:02 of 1st period - Pierre-Luc Létourneau wins face-off versus Kyle Brodziak in Staline zone.
14:13 of 1st period - Snap shot by Lubos Bartecko.
14:13 of 1st period - Stopped by Tobias Stephan with a rebound.
14:15 of 1st period - Snap shot by Kyle Brodziak.
14:15 of 1st period - Goal by Kyle Brodziak - Saguenéens : 1 - Staline : 1.
14:16 of 1st period - Andrei Loktionov wins face-off versus Kyle Brodziak in neutral zone.
14:21 of 1st period - Wrist shot by Pierre-Luc Létourneau.
14:21 of 1st period - Shot Misses the Net.
14:41 of 1st period - Cody Franson is hit by Derek Morris and loses puck.
14:48 of 1st period - David Moss is hit by Mason Raymond and loses puck.
15:21 of 1st period - David Laliberté is hit by Devin Setoguchi and loses puck.
15:40 of 1st period - Stu Bickel is hit by Kris Russell.
16:23 of 1st period - Slapshot by Andrei Loktionov.
16:23 of 1st period - Shot Misses the Net.
16:37 of 1st period - Snap shot by David Moss.
16:37 of 1st period - Shot Blocked by Pierre-Luc Létourneau.
16:39 of 1st period - Slapshot by David Rundblad.
16:39 of 1st period - Shot Misses the Net.
16:45 of 1st period - Slapshot by Joffrey Lupul.
16:45 of 1st period - Stopped by Tobias Stephan with a rebound.
16:47 of 1st period - Wrist shot by Luke Witkowski.
16:47 of 1st period - Shot Misses the Net.
16:49 of 1st period - Wrist shot by David Moss.
16:49 of 1st period - Deflect By Pierre-Luc Létourneau.
16:49 of 1st period - Goal by David Moss - Saguenéens : 2 - Staline : 1.
16:50 of 1st period - Mathieu Perreault wins face-off versus Kyle Brodziak in neutral zone.
16:53 of 1st period - Snap shot by Cody Franson.
16:53 of 1st period - Shot Blocked by Derek Morris.
17:03 of 1st period - Wrist shot by Lubos Bartecko.
17:03 of 1st period - Stopped by Tobias Stephan without a rebound.
17:04 of 1st period - Andrei Loktionov wins face-off versus Kyle Brodziak in Staline zone.
17:04 of 1st period - Andrei Loktionov is hit by Kyle Brodziak.
17:53 of 1st period - Slapshot by Cody Franson.
17:53 of 1st period - Stopped by James Reimer with a rebound.
18:19 of 1st period - Slapshot by Eric Tangradi.
18:19 of 1st period - Shot Blocked by Greg Pateryn.
18:38 of 1st period - Wrist shot by Andrei Loktionov.
18:38 of 1st period - Shot Blocked by Derek Morris.
19:09 of 1st period - Derek Morris is hit by Zac Rinaldo.
19:28 of 1st period - Snap shot by David Moss.
19:28 of 1st period - Shot Misses the Net.
19:30 of 1st period - Slapshot by David Rundblad.
19:30 of 1st period - Stopped by Tobias Stephan without a rebound.
19:31 of 1st period - Andrei Loktionov wins face-off versus Evgeny Dadonov in Staline zone.
19:31 of 1st period - Andrei Loktionov is hit by Kris Russell.
19:45 of 1st period - Wrist shot by Evgeny Dadonov.
19:45 of 1st period - Shot Misses the Net.
19:47 of 1st period - Snap shot by Evgeny Dadonov.
19:47 of 1st period - Stopped by Tobias Stephan with a rebound.
Goals for this period are 2 for Saguenéens vs 1 for Staline.
Shots for this period are 8 for Saguenéens vs 5 for Staline.

2nd period


0:01 of 2nd period - Kyle Brodziak wins face-off versus Andrei Loktionov in neutral zone.
0:06 of 2nd period - Snap shot by Kyle Brodziak.
0:06 of 2nd period - Shot Misses the Net.
0:28 of 2nd period - Icing by Derek Morris.
0:29 of 2nd period - Marcus Johansson wins face-off versus Mathieu Perreault in Saguenéens zone.
0:29 of 2nd period - Marcus Johansson is hit by Torey Krug.
0:41 of 2nd period - Snap shot by David Moss.
0:41 of 2nd period - Shot Misses the Net.
1:23 of 2nd period - Snap shot by Kyle Brodziak.
1:23 of 2nd period - Shot Misses the Net.
1:25 of 2nd period - Slapshot by Evgeny Dadonov.
1:25 of 2nd period - Stopped by Tobias Stephan without a rebound.
1:26 of 2nd period - Mathieu Perreault wins face-off versus Marcus Johansson in Staline zone.
1:52 of 2nd period - Kevin Marshall is hit by T.J. Fast and loses puck.
2:08 of 2nd period - David Rundblad is hit by T.J. Fast.
2:18 of 2nd period - Snap shot by Jared Boll.
2:18 of 2nd period - Shot Misses the Net.
2:20 of 2nd period - Slapshot by Torey Krug.
2:20 of 2nd period - Stopped by James Reimer with a rebound.
2:22 of 2nd period - Backhand shot by Nick Spaling.
2:22 of 2nd period - Stopped by James Reimer with a rebound.
2:38 of 2nd period - Luke Witkowski is hit by Torey Krug and loses puck.
2:43 of 2nd period - Slapshot by J.T. Wyman.
2:43 of 2nd period - Shot Blocked by Luke Witkowski.
3:03 of 2nd period - Joffrey Lupul is hit by Mason Raymond and loses puck.
3:32 of 2nd period - Wrist shot by Andrei Loktionov.
3:32 of 2nd period - Shot Misses the Net.
3:34 of 2nd period - Slapshot by Greg Pateryn.
3:34 of 2nd period - Shot Misses the Net.
3:36 of 2nd period - Slapshot by Andrei Loktionov.
3:36 of 2nd period - Shot Blocked by Kyle Brodziak.
3:38 of 2nd period - Wrist shot by Pierre-Luc Létourneau.
3:38 of 2nd period - Stopped by James Reimer with a rebound.
4:20 of 2nd period - David Laliberté is hit by Greg Pateryn.
4:32 of 2nd period - T.J. Fast is hit by David Moss and loses puck.
4:39 of 2nd period - Snap shot by Joffrey Lupul.
4:39 of 2nd period - Stopped by Tobias Stephan without a rebound.
4:40 of 2nd period - Kyle Brodziak wins face-off versus Andrei Loktionov in Staline zone.
4:55 of 2nd period - Pierre-Luc Létourneau is hit by Luke Witkowski and loses puck.
5:16 of 2nd period - Slapshot by Mason Raymond.
5:16 of 2nd period - Shot Misses the Net.
5:18 of 2nd period - Backhand shot by Cody Franson.
5:18 of 2nd period - Stopped by James Reimer with a rebound.
5:20 of 2nd period - Slapshot by T.J. Fast.
5:20 of 2nd period - Stopped by James Reimer with a rebound.
5:32 of 2nd period - Wrist shot by Joffrey Lupul.
5:32 of 2nd period - Stopped by Tobias Stephan without a rebound.
5:33 of 2nd period - Jared Boll wins face-off versus Marcus Johansson in Staline zone.
5:33 of 2nd period - Jared Boll is hit by Joffrey Lupul.
5:41 of 2nd period - Wrist shot by Jared Boll.
5:41 of 2nd period - Shot Misses the Net.
5:43 of 2nd period - Wrist shot by Zac Rinaldo.
5:43 of 2nd period - Stopped by James Reimer with a rebound.
5:45 of 2nd period - Slapshot by Stu Bickel.
5:45 of 2nd period - Stopped by James Reimer without a rebound.
5:46 of 2nd period - Kyle Brodziak wins face-off versus Pierre-Luc Létourneau in Saguenéens zone.
5:57 of 2nd period - Wrist shot by Evgeny Dadonov.
5:57 of 2nd period - Stopped by Tobias Stephan with a rebound.
6:11 of 2nd period - Kevin Marshall is hit by Mathieu Perreault and loses puck.
6:16 of 2nd period - Snap shot by Mathieu Perreault.
6:16 of 2nd period - Shot Blocked by David Moss.
6:57 of 2nd period - Snap shot by Lubos Bartecko.
6:57 of 2nd period - Shot Blocked by Torey Krug.
7:22 of 2nd period - Slapshot by Derek Morris.
7:22 of 2nd period - Stopped by Tobias Stephan with a rebound.
7:24 of 2nd period - Snap shot by David Moss.
7:24 of 2nd period - Stopped by Tobias Stephan without a rebound.
7:25 of 2nd period - Kyle Brodziak wins face-off versus Andrei Loktionov in Staline zone.
7:31 of 2nd period - Minor Penalty to Devin Setoguchi for Interference.
7:32 of 2nd period - Pierre-Luc Létourneau wins face-off versus Kyle Brodziak in Staline zone.
7:42 of 2nd period - Slapshot by Derek Morris.
7:42 of 2nd period - Stopped by Tobias Stephan with a rebound.
7:44 of 2nd period - Slapshot by Kevin Marshall.
7:44 of 2nd period - Shot Blocked by Pierre-Luc Létourneau.
7:46 of 2nd period - Wrist shot by Kevin Marshall.
7:46 of 2nd period - Deflect By Pierre-Luc Létourneau.
7:46 of 2nd period - Stopped by Tobias Stephan with a rebound.
8:03 of 2nd period - Wrist shot by David Moss.
8:03 of 2nd period - Shot Misses the Net.
9:16 of 2nd period - James Sheppard is hit by Kyle Brodziak and loses puck.
9:31 of 2nd period - Penalty to Devin Setoguchi is over, Devin Setoguchi is back on ice.
9:53 of 2nd period - Slapshot by Cam Janssen.
9:53 of 2nd period - Shot Blocked by David Rundblad.
10:15 of 2nd period - Derek Morris is hit by Greg Pateryn and loses puck.
10:28 of 2nd period - Kevin Marshall is hit by Zac Rinaldo and loses puck.
11:14 of 2nd period - Luke Witkowski is hit by T.J. Fast.
11:33 of 2nd period - Snap shot by Devin Setoguchi.
11:33 of 2nd period - Shot Misses the Net.
12:38 of 2nd period - Eric Tangradi is hit by Greg Pateryn and loses puck.
13:29 of 2nd period - Kyle Brodziak is hit by Jared Boll and loses puck.
13:42 of 2nd period - Wrist shot by Mathieu Perreault.
13:42 of 2nd period - Shot Misses the Net.
13:44 of 2nd period - Wrist shot by Mason Raymond.
13:44 of 2nd period - Shot Misses the Net.
13:46 of 2nd period - Slapshot by Cody Franson.
13:46 of 2nd period - Deflect By Mason Raymond.
13:46 of 2nd period - Shot Misses the Net.
13:46 of 2nd period - Puck is out of play.
13:47 of 2nd period - Marcus Johansson wins face-off versus Zac Rinaldo in Saguenéens zone.
13:47 of 2nd period - Marcus Johansson is hit by Nick Spaling.
14:13 of 2nd period - Wrist shot by Brian Flynn.
14:13 of 2nd period - Goal by Brian Flynn - Saguenéens : 3 - Staline : 1.
14:14 of 2nd period - Andrei Loktionov wins face-off versus Kyle Brodziak in neutral zone.
14:16 of 2nd period - T.J. Fast is hit by Kyle Brodziak and loses puck.
14:21 of 2nd period - Pierre-Luc Létourneau is hit by Evgeny Dadonov and loses puck.
14:58 of 2nd period - Minor Penalty to Andrei Loktionov for Slashing.
14:59 of 2nd period - Pierre-Luc Létourneau wins face-off versus Kyle Brodziak in Staline zone.
15:10 of 2nd period - Snap shot by Mason Raymond.
15:10 of 2nd period - Stopped by James Reimer with a rebound.
15:50 of 2nd period - T.J. Fast is hit by David Rundblad.
15:54 of 2nd period - David Rundblad is hit by Mason Raymond and loses puck.
16:45 of 2nd period - Icing by Bryan Bickell.
16:46 of 2nd period - Marcus Johansson wins face-off versus Pierre-Luc Létourneau in Saguenéens zone.
16:58 of 2nd period - Penalty to Andrei Loktionov is over, Andrei Loktionov is back on ice.
17:59 of 2nd period - Slapshot by Mason Raymond.
17:59 of 2nd period - Stopped by James Reimer with a rebound.
18:01 of 2nd period - Snap shot by Theo Peckham.
18:01 of 2nd period - Shot Blocked by Kris Russell.
18:26 of 2nd period - Slapshot by Theo Peckham.
18:26 of 2nd period - Shot Blocked by Eric Tangradi.
18:39 of 2nd period - Icing by Zac Rinaldo.
18:40 of 2nd period - Kyle Brodziak wins face-off versus Zac Rinaldo in Staline zone.
18:46 of 2nd period - Icing by Stu Bickel.
18:47 of 2nd period - Kyle Brodziak wins face-off versus Zac Rinaldo in Staline zone.
18:52 of 2nd period - Wrist shot by Lubos Bartecko.
18:52 of 2nd period - Stopped by Tobias Stephan with a rebound.
18:54 of 2nd period - Snap shot by Lubos Bartecko.
18:54 of 2nd period - Stopped by Tobias Stephan without a rebound.
18:55 of 2nd period - Evgeny Dadonov wins face-off versus Andrei Loktionov in Staline zone.
19:29 of 2nd period - Wrist shot by David Moss.
19:29 of 2nd period - Deflect By Marcus Johansson.
19:29 of 2nd period - Shot Misses the Net.
19:29 of 2nd period - Puck is out of play.
19:30 of 2nd period - Andrei Loktionov wins face-off versus Kyle Brodziak in Staline zone.
19:52 of 2nd period - Icing by Greg Pateryn.
19:53 of 2nd period - Andrei Loktionov wins face-off versus Marcus Johansson in Staline zone.
19:59 of 2nd period - Snap shot by Cam Janssen.
19:59 of 2nd period - Shot Blocked by Joffrey Lupul.
Goals for this period are 1 for Saguenéens vs 0 for Staline.
Shots for this period are 11 for Saguenéens vs 9 for Staline.

3rd period


0:01 of 3rd period - Andrei Loktionov wins face-off versus Kyle Brodziak in neutral zone.
0:07 of 3rd period - Minor Penalty to T.J. Fast for Tripping.
0:08 of 3rd period - Kyle Brodziak wins face-off versus Pierre-Luc Létourneau in Staline zone.
0:08 of 3rd period - Wrist shot by Lubos Bartecko.
0:08 of 3rd period - Stopped by Tobias Stephan without a rebound.
0:09 of 3rd period - Kyle Brodziak wins face-off versus Pierre-Luc Létourneau in Staline zone.
0:10 of 3rd period - Wrist shot by Lubos Bartecko.
0:10 of 3rd period - Shot Blocked by Greg Pateryn.
0:24 of 3rd period - Wrist shot by Lubos Bartecko.
0:24 of 3rd period - Shot Blocked by Cody Franson.
1:11 of 3rd period - Evgeny Dadonov is hit by Cam Janssen and loses puck.
1:40 of 3rd period - Cody Franson is hit by Kyle Brodziak and loses puck.
2:03 of 3rd period - Pierre-Luc Létourneau is hit by David Moss and loses puck.
2:07 of 3rd period - Penalty to T.J. Fast is over, T.J. Fast is back on ice.
4:44 of 3rd period - Stu Bickel is hit by Derek Morris and loses puck.
4:59 of 3rd period - J.T. Wyman is hit by Rhett Rakhshani and loses puck.
5:27 of 3rd period - Jim O'Brien is hit by Devin Setoguchi and loses puck.
5:37 of 3rd period - Off-side.
5:38 of 3rd period - Jared Boll wins face-off versus Brian Flynn in neutral zone.
5:43 of 3rd period - Rhett Rakhshani is hit by Greg Pateryn and loses puck.
5:54 of 3rd period - Snap shot by Brian Flynn.
5:54 of 3rd period - Stopped by Tobias Stephan with a rebound.
6:04 of 3rd period - Kevin Marshall is hit by Mason Raymond and loses puck.
6:13 of 3rd period - Snap shot by Mathieu Perreault.
6:13 of 3rd period - Shot Misses the Net.
6:15 of 3rd period - Snap shot by Cam Janssen.
6:15 of 3rd period - Shot Blocked by Derek Morris.
6:25 of 3rd period - David Moss is hit by James Sheppard.
6:29 of 3rd period - Joffrey Lupul is hit by Peter Holland and loses puck.
7:40 of 3rd period - Wrist shot by J.T. Wyman.
7:40 of 3rd period - Deflect By James Sheppard.
7:40 of 3rd period - Shot Misses the Net.
7:40 of 3rd period - Puck is out of play.
7:41 of 3rd period - David Moss wins face-off versus Andrei Loktionov in Saguenéens zone.
7:41 of 3rd period - David Moss is hit by Pierre-Luc Létourneau.
8:38 of 3rd period - Slapshot by Mason Raymond.
8:38 of 3rd period - Shot Blocked by Brandon Burlon.
8:40 of 3rd period - Wrist shot by Mathieu Perreault.
8:40 of 3rd period - Stopped by James Reimer with a rebound.
8:46 of 3rd period - Wrist shot by Cam Janssen.
8:46 of 3rd period - Shot Misses the Net.
8:48 of 3rd period - Snap shot by Cam Janssen.
8:48 of 3rd period - Stopped by James Reimer with a rebound.
8:50 of 3rd period - Snap shot by Cam Janssen.
8:50 of 3rd period - Deflect By Mason Raymond.
8:50 of 3rd period - Shot Misses the Net.
8:50 of 3rd period - Puck is out of play.
8:51 of 3rd period - Andrei Loktionov wins face-off versus Kyle Brodziak in Saguenéens zone.
8:58 of 3rd period - Slapshot by Devin Setoguchi.
8:58 of 3rd period - Goal by Devin Setoguchi - Saguenéens : 3 - Staline : 2.
8:59 of 3rd period - Kyle Brodziak wins face-off versus Andrei Loktionov in neutral zone.
9:34 of 3rd period - Wrist shot by Marcus Johansson.
9:34 of 3rd period - Stopped by Tobias Stephan with a rebound.
9:46 of 3rd period - Kris Russell is hit by Jared Boll.
9:50 of 3rd period - Wrist shot by Nick Spaling.
9:50 of 3rd period - Stopped by James Reimer without a rebound.
9:51 of 3rd period - Kyle Brodziak wins face-off versus Zac Rinaldo in Saguenéens zone.
9:55 of 3rd period - Brandon Burlon is hit by Nick Spaling and loses puck.
9:59 of 3rd period - Evgeny Dadonov is hit by Jared Boll and loses puck.
10:03 of 3rd period - Off-side.
10:04 of 3rd period - Kyle Brodziak wins face-off versus Andrei Loktionov in neutral zone.
10:11 of 3rd period - Slapshot by Evgeny Dadonov.
10:11 of 3rd period - Stopped by Tobias Stephan with a rebound.
10:13 of 3rd period - Snap shot by Kyle Brodziak.
10:13 of 3rd period - Shot Misses the Net.
10:32 of 3rd period - Slapshot by Cody Franson.
10:32 of 3rd period - Shot Misses the Net.
10:34 of 3rd period - Slapshot by Mason Raymond.
10:34 of 3rd period - Shot Blocked by Derek Morris.
10:36 of 3rd period - Snap shot by Mathieu Perreault.
10:36 of 3rd period - Shot Misses the Net.
10:58 of 3rd period - Jared Boll is hit by Bryan Bickell and loses puck.
11:15 of 3rd period - Slapshot by T.J. Fast.
11:15 of 3rd period - Stopped by James Reimer with a rebound.
11:17 of 3rd period - Slapshot by T.J. Fast.
11:17 of 3rd period - Stopped by James Reimer without a rebound.
11:18 of 3rd period - Kyle Brodziak wins face-off versus Peter Holland in Saguenéens zone.
12:51 of 3rd period - Slapshot by Theo Peckham.
12:51 of 3rd period - Stopped by James Reimer without a rebound.
12:52 of 3rd period - Kyle Brodziak wins face-off versus Zac Rinaldo in Saguenéens zone.
13:01 of 3rd period - Slapshot by T.J. Fast.
13:01 of 3rd period - Shot Misses the Net.
13:03 of 3rd period - Snap shot by Zac Rinaldo.
13:03 of 3rd period - Stopped by James Reimer without a rebound.
13:04 of 3rd period - Andrei Loktionov wins face-off versus Kyle Brodziak in Saguenéens zone.
13:08 of 3rd period - Minor Penalty to Evgeny Dadonov for Cross-checking.
13:09 of 3rd period - Jim O'Brien wins face-off versus Andrei Loktionov in Saguenéens zone.
13:09 of 3rd period - Jim O'Brien is hit by Andrei Loktionov.
15:08 of 3rd period - Penalty to Evgeny Dadonov is over, Evgeny Dadonov is back on ice.
15:12 of 3rd period - Kris Russell is hit by Theo Peckham and loses puck.
15:19 of 3rd period - Snap shot by Nick Spaling.
15:19 of 3rd period - Stopped by James Reimer without a rebound.
15:20 of 3rd period - Kyle Brodziak wins face-off versus Peter Holland in Saguenéens zone.
15:46 of 3rd period - Zac Rinaldo is hit by David Moss and loses puck.
16:13 of 3rd period - Pierre-Luc Létourneau is hit by David Rundblad and loses puck.
16:26 of 3rd period - Kevin Marshall is hit by Cam Janssen and loses puck.
16:49 of 3rd period - Wrist shot by J.T. Wyman.
16:49 of 3rd period - Stopped by James Reimer with a rebound.
17:41 of 3rd period - Penalty Shot by Mathieu Perreault for Staline.
17:41 of 3rd period - Deke by Mathieu Perreault.
17:41 of 3rd period - Goal by Mathieu Perreault - Saguenéens : 3 - Staline : 3.
17:42 of 3rd period - Andrei Loktionov wins face-off versus Brian Flynn in neutral zone.
17:43 of 3rd period - Brian Flynn wins face-off versus Andrei Loktionov in Staline zone.
17:56 of 3rd period - Slapshot by Andrei Loktionov.
17:56 of 3rd period - Stopped by James Reimer without a rebound.
17:57 of 3rd period - Kyle Brodziak wins face-off versus Zac Rinaldo in Saguenéens zone.
18:02 of 3rd period - Nick Spaling is hit by Kyle Brodziak and loses puck.
18:15 of 3rd period - Jared Boll is hit by Evgeny Dadonov and loses puck.
18:26 of 3rd period - Slapshot by Derek Morris.
18:26 of 3rd period - Stopped by Tobias Stephan with a rebound.
18:34 of 3rd period - Snap shot by Jared Boll.
18:34 of 3rd period - Stopped by James Reimer without a rebound.
18:35 of 3rd period - Andrei Loktionov wins face-off versus Brian Flynn in Saguenéens zone.
18:36 of 3rd period - Wrist shot by Devin Setoguchi.
18:36 of 3rd period - Deflect By Pierre-Luc Létourneau.
18:36 of 3rd period - Stopped by James Reimer with a rebound.
18:44 of 3rd period - Wrist shot by Brian Flynn.
18:44 of 3rd period - Shot Misses the Net.
18:46 of 3rd period - Slapshot by Brandon Burlon.
18:46 of 3rd period - Shot Misses the Net.
18:48 of 3rd period - Snap shot by Rhett Rakhshani.
18:48 of 3rd period - Stopped by Tobias Stephan without a rebound.
18:49 of 3rd period - Lubos Bartecko wins face-off versus Pierre-Luc Létourneau in Staline zone.
19:22 of 3rd period - Double Minor Penalty to Pierre-Luc Létourneau for Roughing.
19:23 of 3rd period - Nick Spaling wins face-off versus Kyle Brodziak in Staline zone.
19:27 of 3rd period - Evgeny Dadonov is hit by Nick Spaling and loses puck.
19:32 of 3rd period - Slapshot by Devin Setoguchi.
19:32 of 3rd period - Goal by Devin Setoguchi - Saguenéens : 3 - Staline : 4.
19:33 of 3rd period - Nick Spaling wins face-off versus Lubos Bartecko in neutral zone.
19:40 of 3rd period - Snap shot by Cody Franson.
19:40 of 3rd period - Deflect By Lubos Bartecko.
19:40 of 3rd period - Stopped by James Reimer without a rebound.
19:41 of 3rd period - Craig MacTavish call a timeout for Saguenéens.
19:41 of 3rd period - Kyle Brodziak wins face-off versus Nick Spaling in Saguenéens zone.
Goals for this period are 0 for Saguenéens vs 3 for Staline.
Shots for this period are 6 for Saguenéens vs 15 for Staline.


Output by the SimonT Hockey Simulator (STHS) for François Prévost -- Original Page W3C XHTML 1.0 Valid
Hockey Simulator - Hockey Simulation - Hockey Manager